 Dungeon Crawl Stone Soup version 0.25-a0-306-g3faca94 (webtiles) character file.

Game seed: 16808607594820893845, levelgen mode: deterministic

82 Birdy the Skirmisher (level 4, 0/48 HPs)
             Began as an Ogre Monk on Dec 21, 2019.
             Splashed by a jelly's acid (2 damage)
             ... on level 6 of the Dungeon.
             The game lasted 00:03:48 (2283 turns).

Birdy the Skirmisher (Ogre Monk)                    Turns: 2283, Time: 00:03:48

Health: 0/48       AC: -9    Str: 15    XL:     4   Next: 43%
Magic:  4/4        EV: 16    Int: 12    God:
Gold:   36         SH:  0    Dex: 16    Spells: 3/3 levels left

rFire    . . .     SeeInvis .   a - +0 spear
rCold    . . .     Gourm    .   (no shield)
rNeg     . . .     Faith    .   b - +0 robe
rPois    .         Spirit   .   (helmet restricted)
rElec    .         Reflect  .   (no cloak)
rCorr    .         Harm     .   (gloves unavailable)
MR       .....                  (boots unavailable)
Stlth    ++++......             (no amulet)
HPRegen  0.16/turn              (no ring)
MPRegen  0.09/turn              (no ring)

@: agile, corroded
A: large, unfitting armour, tough skin 1
a: no special abilities


You were on level 6 of the Dungeon.
You were very hungry.

You visited 1 branch of the dungeon, and saw 6 of its levels.

You collected 36 gold pieces.

Inventory:

Hand Weapons
 a - a +0 spear (weapon)
 e - a +0 bardiche
Missiles
 i - 18 poisoned darts (quivered)
Armour
 b - a +0 robe (worn)
Wands
 l - a wand of iceblast (9)
Scrolls
 d - a scroll of amnesia
 f - a scroll of remove curse {unknown}
 h - 2 scrolls of magic mapping {unknown}
 j - a scroll of identify {unknown}
Potions
 g - a potion of curing
Comestibles
 c - 5 rations


   Skills:
 - Level 4.0 Fighting
 - Level 3.0 Polearms
 - Level 2.6 Dodging
 + Level 3.6 Stealth


You had 3 spell levels left.
You didn't know any spells.
Your spell library was empty.

Dungeon Overview and Level Annotations

Branches:
Dungeon (6/15)
 Temple: D:4-7

Altars:
Uskayaw

Shops:
D:4 [


Innate Abilities, Weirdness & Mutations

You are too large for most types of armour.
You have tough skin. (AC +1)


Message History

You hit the jelly but do no damage.
Your hands burn!
The jelly is severely wounded.
The jelly closely misses you.
You are too injured to fight recklessly!
You hit the jelly.
Your hands burn!
The jelly is almost dead.
The jelly hits you.
You are splashed with acid!
* * * LOW HITPOINT WARNING * * *
You hit the jelly. The acid corrodes you!
Your hands burn!
* * * LOW HITPOINT WARNING * * *
The jelly is almost dead.
The jelly hits you.
* * * LOW HITPOINT WARNING * * *
You are splashed with acid!
* * * LOW HITPOINT WARNING * * *
Okay, then.
You feel agile all of a sudden. The jelly misses you.
You hit the jelly but do no damage. The acid corrodes you!
Your hands burn!
You die...

.............
............
###..........ยง
#............
#..........#
#..%.......#
##..........#
.......@....#
#(.....J....#
............#
##.............
####.........)
............
.#.#.........
.. ............
. ###..........


You could see a jelly.

Vanquished Creatures
  A worker ant (D:3)
  3 adders
  A worm (D:2)
  3 leopard geckos (D:3)
  A ball python (D:3)
  5 bats
  A giant cockroach (D:3)
  5 hobgoblins
  2 frilled lizards
  A goblin (D:3)
  A kobold (D:3)
  2 rats (D:3)
26 creatures vanquished.

Notes
Turn   | Place    | Note
-------+----------+-------------------------------------------
     0 | D:1      | Birdy the Ogre Monk began the quest for the Orb.
     0 | D:1      | Reached XP level 1. HP: 24/24 MP: 1/1
    71 | D:2      | Reached XP level 2. HP: 20/32 MP: 2/2
   500 | D:2      | Reached XP level 3. HP: 12/39 MP: 3/3
  1973 | D:3      | Reached XP level 4. HP: 33/48 MP: 4/4
  2085 | D:4      | Found Ukhloaju's Armour Emporium.
  2124 | D:4      | Found a hide-covered altar of Uskayaw.
  2265 | D:5      | Entered Level 5 of the Dungeon
  2281 | D:6      | HP: 2/48 [acid (7)]
  2283 | D:6      | Splashed by a jelly's acid

Levels and vault maps discovered:
D:1:      lightli_arrival_flooded_house, layout_loops_ring, dk_noncrumbling_4,
          st_stairs_9, minmay_distorted
D:2:      layout_rooms, minmay_tromino_v2
D:3:      layout_loops_corners, chequers_ecumenical_altar_island,
          grunt_decor_cap, minmay_misc_feat_ornament
D:4:      layout_gridville, kennysheep_mini, nicolae_overflow_hidden_temple,
          eat_drink_and_be_merry_uskayaw, first_ration, serial_shops, shop,
          shop, uniq_sigmund, uniq_menkaure
D:5:      layout_basic, lemuel_round_altar, basic_altar
D:6:      layout_rooms, grunt_dithmenos_smoke, hangedman_decor_points

Skill      XL: |  1  2  3 |
---------------+----------+-----
Stealth        | 2 3 |  3.6
Fighting       | |  4.0
Polearms       | |  3.0
Dodging        | |  2.6

Action                   |  1- 3 |  4- 6 || total
-------------------------+-------+-------++-------
Melee: Spear             |   164 |    22 ||   186
Throw: Dart              |     3 |       ||     3
  Use: Potion            |     4 |     1 ||     5
       Scroll            |     1 |       ||     1
 Stab: Sleeping          |     2 |     2 ||     4
  Eat: Ration            |     1 |       ||     1
Armor: Robe              |    39 |     5 ||    44
Dodge: Dodged            |   101 |     6 ||   107

Table legend:
 A = Non-vault XP
 B = Vault XP
 C = Vault XP percentage of total XP
 D = Non-vault monster count
 E = Vault monster count
 F = Vault count percentage of total count
                 A         B        C        D         E       F
            +---------+---------+-------+---------+---------+-------
      Total |     118 |       0 |   0.0 |      26 |       0 |   0.0
            +---------+---------+-------+---------+---------+-------
        D:2 |      40 |       0 |   0.0 |       9 |       0 |   0.0
        D:3 |      77 |       0 |   0.0 |      16 |       0 |   0.0
        D:4 |       1 |       0 |   0.0 |       1 |       0 |   0.0
            +---------+---------+-------+---------+---------+-------
